 Seeded DCSS version 0.30.1 (webtiles) character file.

Game seed: 784279740803775113 (custom seed)

99446 McKennaii the Devastator (level 15, -14/99 HPs)
             Began as a Demigod Conjurer on July 12, 2023.
             Killed from afar by a deep elf zephyrmancer (24 damage)
             ... with a bolt of lightning
             ... on level 15 of the Dungeon.
             The game lasted 00:45:39 (36147 turns).

McKennaii the Devastator (Demigod Conjurer)        Turns: 36147, Time: 00:45:40

Health: -14/99     AC: 14    Str: 12    XL:     15   Next: 32%
Magic:  16/41      EV: 12    Int: 44    God:
Gold:   1853       SH:  0    Dex: 12    Spells: 33/48 levels left

rFire   + . .        W - +1 spear "Ustangeo" {vamp, Int+8}
rCold   + + +        (no shield)
rNeg    . . .        a - +4 skin of Zhor {*Englaciate rC+++ SInv}
rPois   .            B - +2 helmet {SInv}
rElec   .            f - +0 cloak
rCorr   .            P - +2 pair of gloves
SInv    +            d - +0 pair of boots
Will    +....        D - amulet of regeneration
Stlth   ++           H - ring of flight
HPRegen 1.16/turn    J - ring of protection from fire
MPRegen 0.27/turn

%: no passive effects
@: flying, studying Shields
A: high MP 1, forlorn, divine attributes
a: no special abilities


You were on level 15 of the Dungeon.
You visited 3 branches of the dungeon, and saw 22 of its levels.
You visited 1 bazaar.
You also visited: Sewer.

You collected 3896 gold pieces.
You spent 2043 gold pieces at shops.

Inventory:

Hand Weapons
 G - a +0 demon blade
 V - the +6 morningstar of the End {freeze, rC+ Dex+3}
   (You found it on level 5 of the Lair of Beasts)

   Dex:       It affects your dexterity (+3).
   rC:        It protects you from cold.
 W - the +1 spear "Ustangeo" (weapon) {vamp, Int+8}
   (You took it off a boggart on level 5 of the Lair of Beasts)

   Int:       It affects your intelligence (+8).
Missiles
 E - 8 throwing nets
Armour
 a - the +4 skin of Zhor (worn) {*Englaciate rC+++ SInv}
   (You bought it in a shop on level 1 of the Orcish Mines)

   *Englaciate: It radiates cold, occasionally slowing all nearby creatures who
   are not resistant to cold.
   rC:        It renders you almost immune to cold.
   SInv:      It lets you see invisible.
 d - a +0 pair of boots (worn)
 f - a +0 cloak (worn)
 B - a +2 helmet of see invisible (worn)
 P - a +2 pair of gloves (worn)
Magical Staves
 N - a staff of fire
Jewellery
 o - a ring of ice
 D - an amulet of regeneration (around neck)
 H - a ring of flight (left hand)
 J - a ring of protection from fire (right hand)
 M - a ring of wizardry
Wands
 A - a wand of roots (2)
 F - a wand of polymorph (8)
 O - a wand of flame (19)
 T - a wand of digging (6)
 Y - a wand of acid (6)
 Z - a wand of charming (11)
Scrolls
 c - 4 scrolls of poison
 e - 7 scrolls of immolation
 h - 6 scrolls of enchant armour
 j - 2 scrolls of silence
 k - 3 scrolls of noise
 l - a scroll of torment
 m - 3 scrolls of fear
 n - 5 scrolls of blinking
 r - 3 scrolls of magic mapping
 v - a scroll of acquirement
 w - 6 scrolls of teleportation
 x - a scroll of fog
 y - 6 scrolls of amnesia
 L - 2 scrolls of butterflies
 S - 2 scrolls of enchant weapon
 U - a scroll of brand weapon
 X - a scroll of vulnerability
Potions
 b - a potion of magic
 g - 9 potions of haste
 i - 2 potions of resistance
 p - 4 potions of brilliance
 q - 5 potions of ambrosia
 s - 4 potions of flight
 t - 8 potions of heal wounds
 u - 6 potions of lignification
 z - 4 potions of attraction
 C - 4 potions of mutation
 I - 4 potions of curing
 K - a potion of invisibility
 Q - a potion of might
 R - 2 potions of cancellation


   Skills:
 - Level 1.7 Dodging
 - Level 1.7 Stealth
 + Level 17.1 Spellcasting
 + Level 18.8 Conjurations


You had 33 spell levels left.
You knew the following spells:

 Your Spells              Type           Power      Damage    Failure   Level
a - Magic Dart            Conj           100%       1d8       0%          1
b - Searing Ray           Conj           100%       2d8       0%          2
c - Iskenderun's Mystic   Conj/Tloc      88%        2d17      1%          4
d - Stone Arrow           Conj/Erth      100%       3d13      1%          3
f - Freezing Cloud        Conj/Ice/Air   37%        6-21      1%          5

Your spell library contained the following spells:

 Spells                   Type           Power      Damage    Failure   Level
 Kiss of Death            Conj/Necr      100%       2d13      0%          1
 Apportation              Tloc           74%        N/A       1%          1
 Necrotise                Necr           100%       1d9       1%          1
 Sandblast                Erth           74%        2d16      1%          1
 Summon Small Mammal      Summ           100%       N/A       1%          1
 Passwall                 Tmut/Erth      30%        N/A       1%          2
 Poisonous Vapours        Pois/Air       74%        N/A       1%          2
 Confusing Touch          Hex            37%        N/A       1%          3
 Dazzling Flash           Conj/Hex       100%       N/A       1%          3
 Frozen Ramparts          Ice            74%        1d12      1%          3
 Hailstorm                Conj/Ice       88%        3d18      1%          3
 Mephitic Cloud           Conj/Pois/Air  75%        N/A       1%          3
 Fulminant Prism          Conj/Hex       44%        3d19      1%          4
 Animate Dead             Necr           37%        N/A       6%          4
 Dispel Undead            Necr           37%        3d15      6%          4
 Ice Form                 Ice/Tmut       37%        N/A       6%          4
 Summon Ice Beast         Ice/Summ       37%        N/A       6%          4
 Summon Mana Viper        Hex/Summ       37%        N/A       19%         5
 Simulacrum               Ice/Necr       18%        N/A       69%         6
 Haunt                    Necr/Summ      18%        N/A       99%         7
 Monstrous Menagerie      Summ           18%        N/A       99%         7
 Infestation              Necr           18%        N/A       100%        8
 Chain Lightning          Conj/Air       44%        3d58      100%        9
 Fire Storm               Conj/Fire      44%        8d11      100%        9
 Shatter                  Erth           18%        3d17*     100%        9


Dungeon Overview and Level Annotations

Branches:
Dungeon (15/15)            Temple (0/1) D:5            Lair (5/5) D:8
  Swamp (0/4) Lair:3       Spider (0/4) Lair:3        Slime (0/5) Lair:5
    Orc (2/2) D:9             Elf (0/3) Orc:2        Vaults (0/5) D:13
  Sewer (visited)
 Depths: D:15

Shops:
D:2 [   D:13 *   Orc:1 :[[(   Orc:2 *(=[

Annotations:
Orc:2 Saint Roka


Innate Abilities, Weirdness & Mutations

You have an increased reservoir of magic. (+10% MP)
You shall have no god before yourself.
Your divine heritage dramatically boosts your attributes as you level up.


Message History

Aim: a deep elf zephyrmancer, wielding a +0 rapier (almost dead) That beam is likely to hit you.
Continue anyway?
Okay, then.
Unknown command.
Unknown command.
Casting: Freezing Cloud (dangerous; 1% risk of failure)
Confirm with . or Enter, or press ? or * to list all spells.
Aiming: Freezing Cloud (dangerous; 1% risk of failure)
Press: ? - help, Dir - move target, f/p - deep elf zephyrmancer
Aim: a deep elf zephyrmancer, wielding a +0 rapier (almost dead)
Okay, then.
Casting: Freezing Cloud (dangerous; 1% risk of failure)
Confirm with . or Enter, or press ? or * to list all spells.
You can't see any susceptible monsters within range! (Use Z to cast anyway.) Unknown command.
Casting: Freezing Cloud (dangerous; 1% risk of failure)
Confirm with . or Enter, or press ? or * to list all spells.
You can't see any susceptible monsters within range! (Use Z to cast anyway.)
Casting: Freezing Cloud (dangerous; 1% risk of failure)
Confirm with . or Enter, or press ? or * to list all spells.
Aiming: Magic Dart (safe; 0% risk of failure)
Press: ? - help, Shift-Dir - straight line, f/p - deep elf zephyrmancer
Aim: a deep elf zephyrmancer, wielding a +0 rapier (almost dead, 100% to hit)
The magic dart hits the deep elf zephyrmancer!
The deep elf zephyrmancer is almost dead.
You feel sick.
You are no longer poisoned.
A wizard comes into view. It is wielding a +0 dagger.
Unknown command.
Casting: Magic Dart (safe; 0% risk of failure)
Confirm with . or Enter, or press ? or * to list all spells.
Aiming: Stone Arrow (safe; 1% risk of failure)
Press: ? - help, Shift-Dir - straight line, f/p - deep elf zephyrmancer
Aim: a deep elf zephyrmancer, wielding a +0 rapier (almost dead, 69% to hit)
The stone arrow misses the deep elf zephyrmancer.
The deep elf zephyrmancer points at you and mumbles some strange words.
The bolt of lightning hits you!!
* * * LOW HITPOINT WARNING * * *
The bolt of lightning hits you!!
You die...

.........####.###.............#
..........)...................#
...†.........##.#.#...........#
..........#.........#........####
..........##......# ##......###.#
.................#######.#####..#
..........<.#.........##.# ##..#
....#..#......###'###..#.####..##
....=......####.@.).##...##...##
...........###.......##......##
###.........#..#####..#...#.##
##..........#.§ ..#.)...#
............#e .#.)).##
#...........#p #.)..#
..##...†....# #....#
..[..÷......## ##....#
.##..........## ##.....####


You could see a wizard and a deep elf zephyrmancer.

Vanquished Creatures
  Frances (D:14)
  Gastronok (Lair:1)
  An orc warlord (Orc:2)
  Nessos (D:12)
  Snorg (D:11)
  Josephine (D:11)
  8 hydras
  A catoblepas (Lair:5)
  A vault guard (D:13)
  An ogre mage (Orc:1)
  3 centaur warriors
  9 two-headed ogres
  5 boulder beetles
  A tengu warrior (D:13)
  Urug (Lair:1)
  2 orc high priests (Orc:2)
  Sonja (Lair:4)
  Nergalle (D:11)
  8 skeletal warriors
  4 skysharks
  Lodul (D:13)
  A bog body (Lair:1)
  The ghost of DwarfAlpaca the Thaumaturge, a novice DjIE of the Shining One (D:6)
  4 orc knights
  A wizard (D:14)
  A deep elf pyromancer (D:15)
  4 cyclopes
  6 orc sorcerers
  10 ugly things
  11 elephants
  4 black mambas
  An ice statue (Lair:1)
  7 manticores
  A naga mage (D:15)
  4 slime creatures (D:14)
  A torpor snail (Lair:4)
  13 cane toads
  4 gargoyles (D:10)
  10 komodo dragons
  Maggie (Lair:1)
  A komodo dragon (shapeshifter) (D:13)
  2 kobold demonologists
  3 rime drakes (Lair:1)
  2 yaktaurs (D:15)
  2 ice devils (Lair:1)
  An anaconda simulacrum (Lair:1)
  4 trolls
  A queen bee (shapeshifter) (D:13)
  2 tyrant leeches (Lair:3)
  9 polar bears
  3 hornets (Lair:5)
  12 blink frogs
  A dream sheep (Lair:5)
  12 spriggans (Lair:5)
  11 wraiths
  6 wyverns
  3 shadows
  46 yaks
  8 basilisks
  8 vampire mosquitoes
  A steam dragon (D:8)
  A swamp worm (Lair:3)
  5 wargs
  2 acid dragons
  12 water moccasins
  36 orc warriors
  A swamp drake (D:8)
  A sky beast (D:7)
  5 boggarts (Lair:5)
  4 black bears
  3 ice beasts
  24 ogres
  12 centaurs
  23 wolves
  3 phantoms
  12 kobold brigands
  7 bullfrogs
  4 gnoll sergeants
  8 scorpions
  5 wights (D:10)
  5 killer bees (D:7)
  4 howler monkeys
  5 jellies
  10 orc priests
  Ijyb (D:3)
  4 iguanas
  31 orc wizards
  2 spriggan simulacra (Lair:1)
  A wolf simulacrum (Lair:1)
  A troll simulacrum (Lair:1)
  Robin (D:3)
  18 gnolls
  13 adders
  A river rat (Sewer)
  A white imp (Lair:1)
  An ufetubus (D:5)
  6 worms
  A dart slug (D:1)
  79 orcs
  14 endoplasms
  6 giant cockroaches
  19 goblins
  9 hobgoblins
  7 jackals
  8 quokkas
  11 ball pythons
  3 bats
  3 frilled lizards
  33 kobolds
  6 rats
748 creatures vanquished.

Notes
Turn   | Place    | Note
-------+----------+-------------------------------------------
     0 | D:1      | McKennaii the Demigod Conjurer began the quest for the Orb.
     0 | D:1      | Reached XP level 1. HP: 14/14 MP: 5/5
   233 | D:1      | Reached XP level 2. HP: 20/20 MP: 4/7
   236 | D:1      | Learned a level 2 spell: Searing Ray
   489 | D:1      | Reached skill level 4 in Conjurations
  1062 | D:2      | Reached XP level 3. HP: 26/26 MP: 4/9
  1429 | D:2      | Found Pokeelur's Armour Boutique.
  1570 | D:2      | Reached XP level 4. HP: 33/33 MP: 6/11
  1694 | D:2      | Learned a level 4 spell: Iskenderun's Mystic Blast
  2371 | D:3      | Found a glowing drain.
  2396 | Sewer    | Entered a sewer
  2889 | Sewer    | Reached XP level 5. HP: 38/38 MP: 8/13
  2965 | Sewer    | Reached skill level 5 in Conjurations
  3111 | D:3      | Noticed Ijyb
  3117 | D:3      | Killed Ijyb
  3205 | D:3      | Noticed Robin
  3206 | D:3      | Killed Robin
  3750 | D:2      | Bought a +1 helmet of see invisible for 165 gold pieces
  3884 | D:4      | Reached XP level 6. HP: 45/45 MP: 9/15
  4410 | D:4      | Reached skill level 6 in Conjurations
  4807 | D:4      | Reached XP level 7. HP: 40/50 MP: 9/17
  4811 | D:4      | Reached skill level 5 in Spellcasting
  5308 | D:5      | Entered Level 5 of the Dungeon
  5618 | D:5      | Found a staircase to the Ecumenical Temple.
  5624 | D:5      | Reached skill level 7 in Conjurations
  6158 | D:5      | Reached XP level 8. HP: 57/57 MP: 9/20
  6807 | D:6      | Reached skill level 8 in Conjurations
  6811 | D:6      | Learned a level 3 spell: Stone Arrow
  7317 | D:6      | Found a runed translucent gate.
  7317 | D:6      | Found a runed translucent gate.
  7317 | D:6      | Found a runed translucent gate.
  7319 | D:6      | Noticed DwarfAlpaca's ghost (novice DjIE)
  7347 | D:6      | Killed DwarfAlpaca's ghost
  7348 | D:6      | Reached XP level 9. HP: 46/62 MP: 0/24
  7565 | D:7      | Reached skill level 9 in Conjurations
  7975 | D:7      | Noticed a kobold demonologist
  8099 | D:7      | Killed a kobold demonologist
  8252 | D:7      | Reached skill level 10 in Conjurations
  9432 | D:8      | Noticed a komodo dragon
  9580 | D:8      | Killed a komodo dragon
  9698 | D:8      | Noticed a komodo dragon
  9704 | D:8      | Killed a komodo dragon
  9705 | D:8      | Reached XP level 10. HP: 69/69 MP: 14/27
  9930 | D:8      | Found a staircase to the Lair.
 10730 | D:9      | Reached skill level 11 in Conjurations
 11027 | D:9      | Found a runed translucent door.
 11107 | D:9      | Identified the +1 chain mail of the Original Sin {rPois
                  | Will+}
 11143 | D:9      | Found a staircase to the Orcish Mines.
 11149 | D:9      | Reached skill level 10 in Spellcasting
 12507 | D:10     | Entered Level 10 of the Dungeon
 12511 | D:10     | Reached skill level 12 in Conjurations
 12577 | D:10     | Reached XP level 11. HP: 74/74 MP: 17/30
 12926 | D:10     | Noticed a two-headed ogre
 12930 | D:10     | Killed a two-headed ogre
 13149 | D:10     | Noticed a two-headed ogre
 13151 | D:10     | Killed a two-headed ogre
 13836 | D:11     | Noticed Josephine
 14045 | D:11     | Killed Josephine
 14466 | D:11     | Noticed a boulder beetle
 14600 | Lair:1   | Entered Level 1 of the Lair of Beasts
 14603 | Lair:1   | Reached skill level 13 in Conjurations
 14632 | Lair:1   | Noticed Urug
 14690 | Lair:1   | Killed Urug
 15159 | Lair:1   | Noticed Gastronok
 15172 | Lair:1   | Killed Gastronok
 15478 | Lair:1   | Noticed a bog body
 15493 | Lair:1   | Reached XP level 12. HP: 81/81 MP: 17/33
 15891 | Lair:1   | Reached skill level 14 in Conjurations
 16089 | Lair:1   | Noticed Maggie
 16096 | Lair:1   | Killed Maggie
 16413 | Lair:1   | Identified 3 scrolls of acquirement
 17389 | Lair:2   | Acquired a book of Annihilations
 17391 | Lair:2   | Acquired 822 gold pieces
 18566 | Lair:3   | Found a hole to the Spider Nest.
 19396 | Lair:3   | Noticed a four-headed hydra
 19402 | Lair:3   | Killed a four-headed hydra
 19403 | Lair:3   | Reached skill level 15 in Conjurations
 19603 | Lair:3   | Found a staircase to the Swamp.
 19772 | Lair:3   | Noticed an eight-headed hydra
 19780 | Lair:3   | Killed an eight-headed hydra
 19915 | Lair:3   | Noticed a four-headed hydra
 19954 | Lair:3   | Killed a four-headed hydra
 20373 | Lair:4   | Noticed Sonja
 20376 | Lair:4   | Killed Sonja
 20377 | Lair:4   | Reached XP level 13. HP: 74/86 MP: 28/35
 21593 | Lair:5   | Entered Level 5 of the Lair of Beasts
 22072 | Lair:5   | Found a staircase to the Slime Pits.
 22590 | Lair:4   | Reached skill level 16 in Conjurations
 23946 | Lair:5   | Identified the +6 morningstar of the End {freeze, rC+
                  | Dex+3}
 24430 | Lair:5   | Identified the +1 spear "Ustangeo" {vamp, Int+8}
 24479 | Lair:5   | Reached skill level 15 in Spellcasting
 25735 | Orc:1    | Entered Level 1 of the Orcish Mines
 25735 | Orc:1    | You are sucked into a shaft and drop 1 floor!
 25735 | Orc:2    | Entered Level 2 of the Orcish Mines
 25784 | Orc:2    | Paralysed by an orc sorcerer for 4 turns
 25790 | Orc:2    | Reached XP level 14. HP: 16/93 MP: 5/38
 25933 | Orc:2    | Found Udimy's Antique Armour Emporium.
 25948 | Orc:2    | Found Ged Kiha's Jewellery Shop.
 25949 | Orc:2    | Found a staircase to the Elven Halls.
 26311 | Orc:2    | Paralysed by an orc sorcerer for 4 turns
 26357 | Orc:2    | Found Hidiafir's Antique Weapon Emporium.
 26415 | Orc:2    | Noticed Saint Roka
 26600 | Orc:2    | Noticed an orc warlord
 26612 | Orc:2    | Killed an orc warlord
 26613 | Orc:2    | Reached skill level 17 in Conjurations
 26790 | Orc:2    | Found Koylaer's General Store.
 27038 | Orc:1    | Found Otoiqom's Weapon Emporium.
 27038 | Orc:1    | Found Diument's Armour Shop.
 27233 | Orc:1    | Found Ahiag's Antique Armour Emporium.
 27674 | Orc:1    | Found Yfuqaita's Book Boutique.
 28613 | Orc:1    | Bought the +4 skin of Zhor {*Englaciate rC+++ SInv} for
                  | 1729 gold pieces
 28613 | Orc:1    | Found the +4 skin of Zhor {*Englaciate rC+++ SInv}
 28816 | D:11     | Noticed Snorg
 28828 | D:11     | Killed Snorg
 29899 | D:11     | Noticed Nergalle
 29904 | D:11     | Killed Nergalle
 30937 | D:12     | Noticed Nessos
 31145 | D:12     | Killed Nessos
 31506 | D:12     | You are sucked into a shaft and drop 1 floor!
 31525 | D:13     | Found Rezut's Mass Market.
 31559 | D:13     | Noticed Lodul
 31672 | D:13     | Killed Lodul
 31678 | D:13     | Reached skill level 18 in Conjurations
 33024 | D:13     | Found a gate to the Vaults.
 33187 | D:14     | Found a flickering gateway to a bazaar.
 33196 | Bazaar   | Entered a bazaar
 33196 | Bazaar   | Found Teicaje's Armour Emporium.
 33196 | Bazaar   | Found Duacsiph's Assorted Antiques.
 33196 | Bazaar   | Found Zair's Book Shoppe.
 33198 | Bazaar   | Found Lolennog's General Store.
 33258 | Bazaar   | Bought a potion of mutation for 120 gold pieces
 33261 | Bazaar   | Bought a scroll labelled ASHURAXEAF for 29 gold pieces
 33378 | D:14     | Reached XP level 15. HP: 49/99 MP: 13/41
 34731 | D:14     | Noticed Frances
 34981 | D:14     | Killed Frances
 35255 | D:15     | Entered Level 15 of the Dungeon
 35382 | D:15     | Learned a level 5 spell: Freezing Cloud
 36147 | D:15     | Killed from afar by a deep elf zephyrmancer

Illustrated notes

Levels and vault maps discovered:
D:1:      psy_arrival_conway, layout_basic, hangedman_decor_points, st_stairs_6
D:2:      layout_basic, basic_altar, serial_shops, shop
D:3:      layout_basic, nicolae_vehumet_radiance, cheibrodos_sewer_entry_drain,
          uniq_robin, uniq_ijyb
D:4:      nicolae_BIG_FREAKIN_CUBE, layout_basic, trog_antimagical,
          serial_aquarium, aquarium_bridge_long_joined
          [aquarium_subvault_bridge, aquarium_subvault_window,
          aquarium_subvault_window, aquarium_subvault_bridge,
          aquarium_subvault_bridge, aquarium_subvault_wall], aquarium_window_1,
          aquarium_window_1, aquarium_view_2b, aquarium_pool_1
D:5:      layout_basic, mainiacjoe_overflow_alcove_4,
          gammafunk_temple_overflow_elements, minmay_temple_entry_slanted
D:6:      layout_cave_pools, grunt_temple_overflow_growth_and_decay,
          ebering_ghost_rock_garden, kennysheep_boxes
D:7:      layout_gridville, grunt_ministairs_13
D:8:      layout_basic, erik_lair_dragon, small_statue_intersection
D:9:      layout_roguey, nicolae_overflow_crystal_walls,
          kennysheep_orc_monster_closet_entryway, lightli_church_of_beogh
D:10:     cheibrodos_statue_roulette, layout_loops_corners, marbit_many_paths
D:11:     minmay_angry_zag, layout_cave_pods, chequers_garden, uniq_snorg,
          uniq_josephine, uniq_nergalle
D:12:     layout_basic, uniq_nessos
D:13:     layout_rooms, david_vaults_5, minmay_shop_mass, uniq_lodul
D:14:     layout_small_grid, serial_shops, bzr_firewalk, uniq_frances
D:15:     grunt_enter_depths_magical_seal, layout_rooms,
          hangedman_abyss_or_decor_slice
Lair:1:   dreamdust_isle_of_ice, layout_misc_corridors, lemuel_centaur_altar,
          uniq_maggie, uniq_urug, uniq_gastronok
Lair:2:   layout_loops_ring, minivault_11
Lair:3:   layout_long_grid, palyth_hydra_swamp_entry,
          nicolae_spider_entry_non_spiders, grunt_megastairs_5
Lair:4:   layout_gridlike, uniq_sonja
Lair:5:   minmay_lair_end_enchanted_forest, layout_regular_city,
          nicolae_slime_entry_slimehenge, nicolae_lair_grazing_beasts
          [nicolae_sub_lair_graze_edge, nicolae_sub_lair_graze_edge,
          nicolae_sub_lair_graze_edge, nicolae_sub_lair_graze_edge]
Orc:1:    layout_caves, serial_shops, shop, shop, shop, shop, basic_altar
Orc:2:    grunt_orc_gardens, layout_diamond_mine, grunt_orc_garden,
          grunt_orc_garden, grunt_orc_garden, grunt_orc_garden, basic_altar,
          uniq_saint_roka

Skill      XL: |  1  2  3  4  5  6  7  8  9 10 11 12 13 14 15 |
---------------+----------------------------------------------+-----
Spellcasting   | 2 3 4 6 7 9 10 12 13 15 16 17 | 17.1
Conjurations   | 4 5 6 7 8 10 12 13 15 16 18 | 18.8
Dodging        | |  1.7
Stealth        | |  1.7

Action                     |  1- 3 |  4- 6 |  7- 9 | 10-12 | 13-15 || total
---------------------------+-------+-------+-------+-------+-------++-------
  Melee: Unarmed           |    12 |       |       |       |       ||    12
         Staff             |       |     5 |    14 |     5 |    12 ||    36
         Spear             |       |       |       |       |    74 ||    74
   Cast: Magic Dart        |    86 |   114 |    63 |       |     1 ||   264
         Searing Ray       |     1 |    18 |    35 |    22 |     6 ||    82
         Stone Arrow       |       |       |    77 |   328 |   659 ||  1064
         Iskenderun's Myst |       |       |     5 |    63 |   177 ||   245
         Freezing Cloud    |       |       |       |       |     3 ||     3
  Evoke: Wand              |       |       |     1 |     7 |    29 ||    37
    Use: Scroll            |       |       |       |    26 |    17 ||    43
         Potion            |       |       |       |       |     3 ||     3
 Armour: Robe              |     5 |     6 |    24 |     9 |       ||    44
         Acid dragon scale |       |       |       |    45 |   180 ||   225
         Animal skin       |       |       |       |       |    30 ||    30
  Dodge: Dodged            |    24 |    23 |    48 |    96 |   263 ||   454
